 Dungeon Crawl Stone Soup version 0.26.0-10-g1f06aea511 (webtiles) character file.

Game seed: 13101167860542737252

117 vatarom the Skirmisher (level 5, -4/42 HPs)
             Began as a Formicid Abyssal Knight on Jan 21, 2021.
             Was a Believer of Lugonu.
             Slain by Natasha (6 damage)
             ... on level 3 of the Dungeon.
             The game lasted 00:04:35 (3444 turns).

vatarom the Skirmisher (Formicid Abyssal Knight)    Turns: 3444, Time: 00:04:36

Health: -4/42      AC:  8    Str: 17 (18) XL:     5   Next: 22%
Magic:  7/7        EV: 10    Int: 10 (11) God:    Lugonu [**....]
Gold:   121        SH:  0    Dex:  7 (10) Spells: 4/4 levels left

rFire    . . .     SeeInvis +   a - +2 hand axe
rCold    . . .     Faith    .   (no shield)
rNeg     . . .     Spirit   .   c - +0 ring mail
rPois    .         Reflect  .   (helmet unavailable)
rElec    .         Harm     .   (no cloak)
rCorr    .         Rampage  .   h - +2 pair of gloves
Will     .....                  (no boots)
Stlth    ..........             (no amulet)
HPRegen  0.14/turn              (no ring)
MPRegen  0.10/turn              (no ring)

@: no status effects
A: permanent stasis, dig shafts and tunnels, four strong arms, antennae 3
a: Dig, Shaft Self, Renounce Religion, Depart the Abyss, Bend Space


You were on level 3 of the Dungeon.
You worshipped Lugonu.
Lugonu was pleased with you.
You visited 1 branch of the dungeon, and saw 3 of its levels.
You visited the Abyss 1 time.

You collected 121 gold pieces.

Inventory:

Hand Weapons
 a - a +2 hand axe (weapon)
Missiles
 d - 6 poisoned darts (quivered)
Armour
 c - a +0 ring mail (worn)
 h - a +2 pair of gloves (worn)
Jewellery
 m - an uncursed amulet of faith
Wands
 k - a wand of iceblast (8) {@v4}
 l - a wand of flame (22)
Scrolls
 b - 5 scrolls of identify {unknown}
 e - a scroll of magic mapping {unknown}
 f - a scroll of enchant armour {unknown}
 i - a scroll of fog {unknown}
 j - a scroll of random uselessness


   Skills:
 + Level 4.2 Fighting
 * Level 3.5 Axes
 - Level 2.1 Armour
 - Level 0.8 Dodging
 + Level 3.7 Invocations


You had 4 spell levels left.
You didn't know any spells.
Your spell library was empty.

Dungeon Overview and Level Annotations

Branches:
Dungeon (3/15)

Altars:

Annotations:
D:3 Natasha


Innate Abilities, Weirdness & Mutations

You cannot be hasted, slowed, berserked, paralysed or teleported.
You can dig through walls and to a lower floor.
Your four strong arms can wield two-handed weapons with a shield.
You have a pair of large antennae on your head. (SInv)


Message History

The white imp gestures at you. The puff of frost hits you.
* * * LOW HITPOINT WARNING * * *
Natasha claws you!
* * * LOW HITPOINT WARNING * * *
You see here an adder corpse.
Natasha mumbles some strange words.
Natasha shimmers violently.
Natasha claws you but does no damage.
You aren't carrying any potions.
Okay, then.
As you read the scroll labelled YCELEP HUUDUKO, it crumbles to dust.
The dust glows pulsating white!
It was a scroll of random uselessness.
Natasha barely misses you.
As you read the scroll labelled ROIGIM PUSKEQO, it crumbles to dust.
It is a scroll of enchant weapon.
Your +1 hand axe glows red for a moment.
The white imp hits you but does no damage.
Natasha claws you.
You die...

................
####
#.#.#.#.######..#
#.#.....#### .# {
#..........# ..#
#.###.####.###..
.. ##.###...#.#
..........# .#
...###†..#.#.#
#.. ##@##...## ##
#h5.....#
#.##.#.$#
#.......#
#........
#........
.........
#........
.........


You could see Natasha and a white imp (summoned).

Vanquished Creatures
  Natasha (D:3)
  3 adders
  2 oozes (D:1)
  A worm (D:2)
  2 leopard geckos
  3 ball pythons
  3 giant cockroaches
  8 goblins
  6 hobgoblins
  7 kobolds
  7 bats
  2 frilled lizards (D:1)
  5 rats
50 creatures vanquished.

Notes
Turn   | Place    | Note
-------+----------+-------------------------------------------
     0 | Abyss:1  | vatarom the Formicid Abyssal Knight began the quest for the
                  | Orb.
     0 | Abyss:1  | Reached XP level 1. HP: 18/18 MP: 2/2
   118 | D:1      | Escaped the Abyss
   210 | D:1      | Reached XP level 2. HP: 17/24 MP: 3/3
   741 | D:1      | Reached XP level 3. HP: 30/30 MP: 5/5
  2142 | D:2      | Reached ** piety under Lugonu
  2264 | D:2      | Reached XP level 4. HP: 28/37 MP: 6/6
  2909 | D:3      | Noticed Natasha
  2933 | D:3      | Killed Natasha
  2934 | D:3      | Reached skill level 4 in Fighting
  3389 | D:3      | Reached XP level 5. HP: 41/42 MP: 7/7
  3421 | D:3      | Noticed Natasha
  3439 | D:3      | HP: 1/42 [Natasha (8)]
  3444 | D:3      | Slain by Natasha

Illustrated notes

Levels and vault maps discovered:
D:1:      lightli_arrival_windingriver, layout_basic
D:2:      layout_loops_cross, minivault_11
D:3:      layout_loops_ring, lemuel_doored_altar, uniq_natasha, uniq_jessica

Skill      XL: |  1  2  3  4 |
---------------+-------------+-----
Invocations    | 3 |  3.7
Axes           | 3 |  3.5
Fighting       | 4 |  4.2
Armour         | |  2.1
Dodging        | |  0.8

Action                   |  1- 3 |  4- 6 || total
-------------------------+-------+-------++-------
Melee: Hand axe          |   109 |    67 ||   176
Throw: Dart              |     2 |     6 ||     8
 Abil: Dig               |     2 |       ||     2
  Use: Potion            |       |     4 ||     4
       Scroll            |       |     2 ||     2
Armor: Leather armour    |     8 |       ||     8
       Ring mail         |    41 |    41 ||    82
Dodge: Dodged            |    61 |    42 ||   103
